 Dungeon Crawl Stone Soup version 0.32-a0-872-g59262bdc9b (webtiles) character file.

Game seed: 16426658830754788595

182 Oneirical the Grasshopper (level 5, 0/26 HPs)
             Began as a Felid Warper on Mar 30, 2024.
             Was an Initiate of Wu Jian.
             Slain by Natasha (5 damage)
             ... on level 3 of the Dungeon.
             The game lasted 00:03:59 (1927 turns).

Oneirical the Grasshopper (Felid Warper)            Turns: 1927, Time: 00:04:00

Health: 0/26       AC:  1    Str:  7    XL:     5   Next: 35%
Magic:  1/9        EV: 16    Int: 19    God:    Wu Jian [......]
Gold:   112        SH:  0    Dex: 15    Spells: 2/8 levels left
                                        Lives:  0   Deaths: 2

rFire   . .          .
                       - Unarmed
rCold   . . .        (shield unavailable)
rNeg    . . .        (body armour unavailable)
rPois   .            (helmet unavailable)
rElec   .            (cloak unavailable)
rCorr   .            (gloves unavailable)
SInv    +            (boots unavailable)
Will    .....        (no amulet)
Stlth   +            (no ring)
HPRegen 0.24/turn    (no ring)
MPRegen 0.11/turn

%: no passive effects
@: attractive, immotile, very slightly contaminated
A: very small, claws 1, fangs 3, see invisible, shaggy fur 1, stealthy paws, no
weapons or thrown items, no armour, multi-lived
a: Renounce Religion


You were on level 3 of the Dungeon.
You worshipped Wu Jian.
Wu Jian was noncommittal.
You visited 1 branch of the dungeon, and saw 3 of its levels.

You collected 112 gold pieces.

Inventory:

Scrolls
 a - a scroll of fear {unknown}
 d - a scroll of teleportation {unknown}
 g - a scroll of vulnerability {unknown}
 h - a scroll of silence {unknown}
 i - a scroll of brand weapon {unknown}
 k - a scroll of identify {unknown}


   Skills:
 - Level 2.0 Fighting
 - Level 3.2 Dodging
 + Level 4.2 Unarmed Combat
 - Level 2.0 Spellcasting
 + Level 7.0 Translocations


You had 2 spell levels left.
You knew the following spells:

 Your Spells              Type           Power      Damage    Failure   Level
a - Blink                 Tloc           56%        N/A       1%          2
b - Maxwell's Portable P  Tloc           28%        2d(9-18)  10%         4

Your spell library contained the following spells:

 Spells                   Type           Power      Damage    Failure   Level
 Lesser Beckoning         Tloc           56%        N/A       1%          2
 Sandblast                Erth           2%         2d4       17%         1
 Teleport Other           Tloc           28%        N/A       2%          3
 Vhi's Electric Charge    Tloc/Air       30%        N/A       36%         4
 Stone Arrow              Conj/Erth      2%         3d7       45%         3
 Brom's Barrelling Bould  Conj/Erth      1%         2d3       86%         4


Dungeon Overview and Level Annotations

Branches:
Dungeon (3/15)

Altars:
Wu Jian

Annotations:
D:3 Natasha


Innate Abilities, Weirdness & Mutations

You have sharp claws.
You have razor-sharp teeth.
You have supernaturally acute eyesight. (SInv)
You are covered in fur. (AC +1)
Your paws help you pounce on unaware monsters.
You are incapable of wielding weapons or throwing items.
You cannot wear armour.
You gain extra lives every three experience levels.


Message History

Your Translocations skill increases to level 7!
You claw the orc!
You kill the orc!
The Council accepts your kill.
You see here a +0 leather armour.
Your extra speed is starting to run out.
You feel yourself slow down.
You feel a little less mighty now.
Magic restored.
Natasha, Servant of Life and Death comes into view.
She is carrying a wand of flame.
Natasha is nearby!
Natasha hisses angrily.
Natasha growls.
Natasha zaps a wand.
The puff of flame hits you!
Ouch! That really hurt!
* * * LOW HITPOINT WARNING * * *
Okay, then.
You feel attractive to monsters. Natasha is attracted toward you.
Unknown command.
Unknown command.
Casting: Blink (safe; 1% risk of failure)
Confirm with . or Enter, or press ? or * to list all spells.
Casting: Maxwell's Portable Piledriver (extremely dangerous; 10% risk of failure)
Press: ? - help, Dir - look around, f - activate You miscast Maxwell's Portable Piledriver.
You are very lightly contaminated with residual magic.
Nothing appears to happen.
Natasha stares at you and mumbles some strange words.
You easily resist.
Casting: Maxwell's Portable Piledriver (extremely dangerous; 10% risk of failure)
Confirm with . or Enter, or press ? or * to list all spells.
Casting: Maxwell's Portable Piledriver (extremely dangerous; 10% risk of failure)
Press: ? - help, Dir - look around, f - activate Space contracts around you and Natasha and then re-expands violently!
Natasha slams into the rock wall.
Natasha is heavily wounded.
You are locked in place by the recoil.
Natasha claws you.
You die...
Natasha curls up and begins to purr.

### #.....†...(..
#[# ###...#######
##.## #...#
#...####...####
##...##........##
#...[.#.........#
#...).#...<.....#
##§.†####...###.#
##@....##...# #.#
#.h..†......# #.# #
#.##...#.#.## #.# #
###.. #. #........#
#.# # #....
..###..#).#.###.###
#.#..
..$.....#>..........
#.#.#
######...........###
#.#.# #####.#.#####
# #.#.# #......# #


You could see Natasha.

Vanquished Creatures
  An iguana (D:3)
  A sleepcap (D:3)
  Natasha (twice) (D:3)
  4 adders (D:3)
  A ribbon worm (D:3)
  2 dart slugs (D:1)
  2 orcs (D:3)
  3 ball pythons
  3 endoplasms
  A giant cockroach (D:2)
  2 goblins
  6 hobgoblins
  3 kobolds
  2 quokkas
  2 bats (D:1)
  2 frilled lizards
  2 rats (D:1)
39 creatures vanquished.

Notes
Turn   | Place    | Note
-------+----------+-------------------------------------------
     0 | D:1      | Oneirical the Felid Warper began the quest for the Orb.
     0 | D:1      | Reached XP level 1. HP: 11/11 MP: 4/4
   277 | D:1      | Reached XP level 2. HP: 15/15 MP: 6/6
   454 | D:1      | Reached skill level 5 in Translocations
   893 | D:2      | Learned a level 2 spell: Blink
  1065 | D:2      | Found an ornate altar of the Wu Jian Council.
  1233 | D:2      | Became a worshipper of the Wu Jian Council
  1254 | D:3      | Reached XP level 3. HP: 15/18 MP: 7/7
  1455 | D:3      | Noticed Natasha
  1464 | D:3      | Killed Natasha
  1465 | D:3      | Reached skill level 6 in Translocations
  1465 | D:3      | Reached XP level 4. HP: 19/23 MP: 8/8
  1465 | D:3      | Gained a life (2 lives remaining)
  1474 | D:3      | Noticed Natasha
  1477 | D:3      | Learned a level 4 spell: Maxwell's Portable Piledriver
  1483 | D:3      | Killed from afar by Natasha
  1483 | D:3      | Lost a life (1 life remaining)
  1490 | D:3      | Slain by an adder
  1490 | D:3      | Lost a life (0 lives remaining)
  1655 | D:3      | Killed Natasha
  1832 | D:3      | Reached XP level 5. HP: 6/26 MP: 3/9
  1836 | D:3      | Reached skill level 7 in Translocations
  1922 | D:3      | Noticed Natasha
  1927 | D:3      | Slain by Natasha

Illustrated notes

Levels and vault maps discovered:
D:1:      enne_arrival_octagon_isle, layout_loops_ring, serial_forest,
          infiniplex_forest_end_3, infiniplex_forest_corner_1,
          infiniplex_forest_clump_small, infiniplex_forest_clump_curved,
          infiniplex_forest_clump_long, infiniplex_forest_corner_1,
          infiniplex_forest_lined_2, infiniplex_forest_clump_double
D:2:      layout_rooms, basic_altar, minmay_pentomino_r2
D:3:      layout_loops_ring, mainiacjoe_overflow_alcove_4, grunt_ministairs_1,
          hellmonk_no_cap, uniq_natasha

Skill      XL: |  1  2  3  4  5 |
---------------+----------------+-----
Translocations | 5 6 7 |  7.0
Unarmed Combat | 3 4 |  4.2
Fighting       | |  2.0
Dodging        | |  3.2
Spellcasting   | |  2.0

Action                     |  1- 3 |  4- 6 || total
---------------------------+-------+-------++-------
  Melee: Unarmed           |    85 |    41 ||   126
         Bite              |     6 |     4 ||    10
         Punch             |     1 |       ||     1
   Cast: Blink             |     1 |     2 ||     3
         Maxwell's Portabl |       |     2 ||     2
Ability: Lunge             |     5 |     5 ||    10
    Use: Potion            |       |     8 ||     8
         Scroll            |       |     1 ||     1
   Stab: Sleeping          |     2 |     1 ||     3
 Armour: Skin              |    28 |    34 ||    62
  Dodge: Dodged            |    71 |    23 ||    94

Table legend: (Time is in decaauts)
 A = Elapsed time spent in this place.
 B = Non-inter-level travel time spent in this place.
 C = Inter-level travel time spent in this place.
 D = Time resting spent in this place.
 E = Time spent auto-exploring this place.
 F = Levels seen in this place.
 G = Mean time per level.
                   A        B        C        D        E       F      G
               +--------+--------+--------+--------+--------+-----+--------+
         Total |   1918 |   1880 |     38 |     39 |   1510 |   3 |  639.3 |
       Dungeon |   1918 |   1880 |     38 |     39 |   1510 |   3 |  639.3 |
               +--------+--------+--------+--------+--------+-----+--------+

Top non-repeatable levels by time:
     D:1: 823 daAuts
     D:3: 628 daAuts
     D:2: 465 daAuts
